 Dungeon Crawl Stone Soup version 0.31.0-32-g396128a36d (webtiles) character file.

Game seed: 4148554089798228965

41 bronco the Chopper (level 3, -2/33 HPs)
             Began as a Minotaur Fighter on Apr 15, 2024.
             Slain by a hobgoblin (4 damage)
             ... led by Robin
             ... on level 4 of the Dungeon.
             The game lasted 00:03:28 (643 turns).

bronco the Chopper (Minotaur Fighter)                Turns: 643, Time: 00:03:29

Health: -2/33      AC:  7    Str: 22    XL:     3   Next: 32%
Magic:  2/2        EV:  9    Int:  5    God:
Gold:   94         SH:  4    Dex:  9    Spells: 2/2 levels left

rFire   . . .        a - +0 war axe (venom)
rCold   . . .        c - +0 buckler
rNeg    . . .        b - +0 scale mail
rPois   .            (helmet restricted)
rElec   .            (no cloak)
rCorr   .            (no gloves)
SInv    .            (no boots)
Will    .....        (no amulet) Stlth
                     (no ring)
HPRegen 0.25/turn    (no ring)
MPRegen 0.08/turn

%: no passive effects
@: mighty
A: horns 2, retaliatory headbutt
a: no special abilities


You were on level 4 of the Dungeon.
You visited 1 branch of the dungeon, and saw 4 of its levels.

You collected 94 gold pieces.

Inventory:

Hand Weapons
 a - a +0 war axe of venom (weapon)
Missiles
 e - 3 stones (quivered)
Armour
 b - a +0 scale mail (worn)
 c - a +0 buckler (worn)
Scrolls
 f - a scroll of poison {unknown}
Potions
 g - a potion of brilliance
 h - a potion of resistance


   Skills:
 - Level 3.8 Fighting
 + Level 4.1 Axes
 - Level 3.8 Armour
 - Level 3.8 Shields


You had 2 spell levels left.
You didn't know any spells.
Your spell library was empty.

Dungeon Overview and Level Annotations

Branches:
Dungeon (4/15)
 Temple: D:4-7

Altars:

Annotations:
D:4 Robin


Innate Abilities, Weirdness & Mutations

You have a pair of horns on your head.
You reflexively headbutt those who attack you in melee.


Message History

A goblin comes into view. It is wielding a +0 club.
Something hits you but does no damage.
You miss something.
The goblin shouts!
Something hits you but does no damage.
You closely miss something.
The goblin shouts!
Something hits you but does no damage.
A hobgoblin comes into view.
Robin of the Strong Arm comes into view.
They are wielding a +0 spear.
Something hits you but does no damage.
You barely miss something.
The hobgoblin shouts!
Your headbutt misses something.
The goblin unwields a +0 club.
The goblin wields a +0 sling.
The goblin shoots a sling bullet.
The sling bullet hits you.
* * * LOW HITPOINT WARNING * * *
Something hits you but does no damage.
Robin roars a battlecry!
The goblins go into a battle-frenzy!
Unknown command.
Unknown command.
Something hits you but does no damage.
A goblin comes into view. It is wielding a +0 club.
You see here a +0 club.
You barely miss something. Your headbutt misses something.
You closely miss the goblin. Something hits you but does no damage.
The goblin closely misses you.
The goblin shouts!
You hit something. You headbutt something!
Reactivating autopickup.
You feel a bit more experienced.
You hit the goblin.
You kill the goblin!
A goblin comes into view. It is wielding a +0 dagger.
The goblin hits you with a +0 dagger.
* * * LOW HITPOINT WARNING * * *
A hobgoblin comes into view.
A goblin comes into view. It is wielding a +0 dagger.
The hobgoblin hits you.
You die...

##..###.# #..#.
##..##.# ..gg
##.##.# ##...#
#.##.###..g.#
#.##..##.#?#
#...#.##).g###g.
###.....)....$g.
##...#g..####.
#...†@g#.#
#.##...#.#
...#....# #
.....##...#
....# ###...
.... #.... ..###
##... .##


You could see 3 hobgoblins and 5 goblins.

Vanquished Creatures
  An orc wizard (D:4)
  An adder (D:4)
  2 orcs (D:4)
  A ball python (D:3)
  3 bats (D:2)
  4 endoplasms
  2 giant cockroaches
  5 hobgoblins
  A kobold (D:4)
  2 frilled lizards
  5 goblins
27 creatures vanquished.

Notes
Turn   | Place    | Note
-------+----------+-------------------------------------------
     0 | D:1      | bronco the Minotaur Fighter began the quest for the Orb.
     0 | D:1      | Reached XP level 1. HP: 19/19 MP: 0/0
    97 | D:2      | Reached XP level 2. HP: 27/27 MP: 1/1
   325 | D:2      | Reached skill level 3 in Axes
   618 | D:4      | Reached XP level 3. HP: 28/33 MP: 2/2
   621 | D:4      | Reached skill level 4 in Axes
   638 | D:4      | Noticed Robin
   643 | D:4      | Slain by a hobgoblin

Illustrated notes

Levels and vault maps discovered:
D:1:      mainiacjoe_arrival_oval_in_oval, layout_basic,
          kennysheep_decorative_pillar, minmay_quantized
D:2:      layout_loops_ring
D:3:      layout_rooms, grunt_temple_overflow_open, lightli_corner_chamber
D:4:      layout_rooms, mainiacjoe_overflow_catwalk, nrook_loot_triangle,
          nicolae_zig_zag_zippers, uniq_robin

Skill      XL: |  1  2  3 |
---------------+----------+-----
Axes           | 3 4 |  4.1
Fighting       | |  3.8
Armour         | |  3.8
Shields        | |  3.8

Action                     || total
---------------------------++-------
  Melee: War axe           ||    53
         Headbutt          ||     2
  Throw: Stone             ||     1
    Use: Scroll            ||     5
         Potion            ||     1
 Armour: Scale mail        ||    63
  Dodge: Dodged            ||    22
  Block: Buckler           ||     6
